TOP OF THE 1ST |
Monroe Mallards batting - Pitching for Santa Clarita Music : LHP Salvador Romero
|
Pitching: LHP Salvador Romero
|
|
Batting: RHB Anselmo Espinoza
|
0-0: Ball 1-0: Swinging Strike 1-1: Ball 2-1: Foul Ball, location: 2F 2-2: Foul Ball, location: 2F 2-2: Foul Ball, location: 2F 2-2: SINGLE (Groundball, 6MD)
|
Batting: SHB Jerry Vaughn
|
0-0: Called Strike 0-1: Swinging Strike 0-2: Strikes out looking
|
Batting: RHB Shannon Watson
|
0-0: Fly out, F9 (Flyball, 9LD)
|
Batting: LHB José Trindade
|
0-0: Called Strike 0-1: Ball 1-1: Swinging Strike 1-2: Strikes out swinging
|
Top of the 1st over - 0 runs, 1 hit, 0 errors, 1 left on base; Monroe 0 - Santa Clarita 0 |
BOTTOM OF THE 1ST |
Santa Clarita Music batting - Pitching for Monroe Mallards : LHP Esteban Quintana
|
Pitching: LHP Esteban Quintana
|
|
Batting: LHB Federico Medina
|
0-0: Fly out, F4 (Line Drive, 4M)
|
Batting: RHB Armando Gavi
|
0-0: Ball 1-0: Ball 2-0: Fly out, F6 (Line Drive, 6)
|
Batting: RHB Leroy Bates
|
0-0: Fly out, F6 (Line Drive, 6)
|
Bottom of the 1st over - 0 runs, 0 hits, 0 errors, 0 left on base; Monroe 0 - Santa Clarita 0 |
TOP OF THE 2ND |
Monroe Mallards batting - Pitching for Santa Clarita Music : LHP Salvador Romero
|
Batting: RHB Rafael Rivera
|
0-0: SINGLE (Line Drive, 89S)
|
Batting: RHB Bartolo Guzmán
|
0-0: Ball 1-0: Ball 2-0: Called Strike 2-1: Ball 3-1: Called Strike 3-2: Base on Balls Rafael Rivera to second
|
Batting: RHB Anthony O'Bryan
|
0-0: Ball Rafael Rivera is caught stealing 3rd base 1-0: SINGLE (Line Drive, 89S) Bartolo Guzmán to second
|
Batting: RHB Héctor Vega
|
0-0: Ball 1-0: SINGLE (Line Drive, 6D) Bartolo Guzmán to third Anthony O'Bryan to second
|
Batting: RHB Benito Bo
|
0-0: Called Strike 0-1: Ball 1-1: Ball 2-1: Called Strike 2-2: Strikes out looking
|
Batting: RHB Anselmo Espinoza
|
0-0: Called Strike 0-1: Ball Wild Pitch! Bartolo Guzmán scores Anthony O'Bryan to third Héctor Vega to second 1-1: Foul Ball, location: 2F 1-2: Hit by Pitch
|
Batting: SHB Jerry Vaughn
|
0-0: Ball 1-0: Called Strike 1-1: Foul Ball, location: 2F 1-2: Ball 2-2: SINGLE (Groundball, 6D) Anthony O'Bryan scores Héctor Vega to third Anselmo Espinoza to second Runner from 3rd tries for Home, SAFE, throw made home
|
Batting: RHB Shannon Watson
|
0-0: Called Strike 0-1: DOUBLE (Flyball, 89D) Anselmo Espinoza scores Jerry Vaughn to third Runner from 3rd tries for Home, SAFE, no throw
|
Batting: LHB José Trindade
|
0-0: Ball 1-0: Ball 2-0: Ball 3-0: Called Strike 3-1: Called Strike 3-2: Foul Ball, location: 2F 3-2: Foul Ball, location: 2F 3-2: Strikes out swinging
|
Top of the 2nd over - 5 runs, 5 hits, 0 errors, 1 left on base; Monroe 5 - Santa Clarita 0 |
BOTTOM OF THE 2ND |
Santa Clarita Music batting - Pitching for Monroe Mallards : LHP Esteban Quintana
|
Batting: RHB Jeff Peterson
|
0-0: Called Strike 0-1: Ball 1-1: Ground out U3 (Groundball, 34)
|
Batting: SHB Tetsu Yamada
|
0-0: Called Strike 0-1: SINGLE (Flyball, 9S)
|
Batting: RHB Miguel Márquez
|
0-0: Ball 1-0: Ball 2-0: Ball 3-0: Base on Balls Tetsu Yamada to second
|
Batting: LHB Daryl Thomas
|
0-0: Ball 1-0: Called Strike 1-1: Fly out, F7 (Flyball, 7S)
|
Batting: RHB Francisco Candelária
|
0-0: Called Strike 0-1: Ball 1-1: SINGLE (Line Drive, 34D) Tetsu Yamada to third Miguel Márquez to second Runner from 3rd tries for Home, SAFE, no throw
|
Batting: RHB Lorenzo Camacho
|
0-0: Ball 1-0: Ball 2-0: Foul Ball, location: 2F 2-1: Foul Ball, location: 2F 2-2: Ball 3-2: Foul Ball, location: 2F 3-2: Strikes out swinging
|
Bottom of the 2nd over - 1 run, 2 hits, 0 errors, 2 left on base; Monroe 5 - Santa Clarita 1 |
TOP OF THE 3RD |
Monroe Mallards batting - Pitching for Santa Clarita Music : LHP Salvador Romero
|
Batting: RHB Rafael Rivera
|
0-0: Ground out U3 (Groundball, 3)
|
Batting: RHB Bartolo Guzmán
|
0-0: Fly out, F8 (Flyball, 78XD)
|
Batting: RHB Anthony O'Bryan
|
0-0: Ball 1-0: Foul Ball, location: 2F 1-1: Foul Ball, location: 2F 1-2: Strikes out swinging
|
Top of the 3rd over - 0 runs, 0 hits, 0 errors, 0 left on base; Monroe 5 - Santa Clarita 1 |
BOTTOM OF THE 3RD |
Santa Clarita Music batting - Pitching for Monroe Mallards : LHP Esteban Quintana
|
Batting: LHB Federico Medina
|
0-0: Swinging Strike 0-1: Called Strike 0-2: Ball 1-2: Ball 2-2: Ball 3-2: Foul Ball, location: 2F 3-2: Foul Ball, location: 2F 3-2: Base on Balls
|
Batting: RHB Armando Gavi
|
0-0: Ball 1-0: Ball 2-0: Called Strike 2-1: Foul Ball, location: 2F 2-2: DOUBLE (Line Drive, 9LM) Federico Medina to third Runner from 3rd tries for Home, SAFE, no throw
|
Batting: RHB Leroy Bates
|
0-0: Ball 1-0: SINGLE (Groundball, 34D) Armando Gavi to third Runner from 3rd tries for Home, SAFE, no throw
|
Batting: RHB Jeff Peterson
|
0-0: Ball 1-0: Foul Ball, location: 2F 1-1: Ball 2-1: Called Strike 2-2: Ball 3-2: Hit by Pitch Leroy Bates to second
|
Batting: SHB Tetsu Yamada
|
0-0: Ball 1-0: Swinging Strike 1-1: Ball 2-1: Foul Ball, location: 2F 2-2: Ball 3-2: Strikes out looking
|
Batting: RHB Miguel Márquez
|
0-0: Called Strike 0-1: Ball 1-1: Called Strike 1-2: SINGLE (Flyball, 89S) Leroy Bates to third Jeff Peterson to second Runner from 3rd tries for Home, SAFE, no throw
|
Batting: LHB Daryl Thomas
|
0-0: Ball 1-0: Swinging Strike 1-1: SINGLE (Groundball, 4MD) Jeff Peterson to third Miguel Márquez to second Runner from 3rd tries for Home, SAFE, no throw
|
Batting: RHB Francisco Candelária
|
0-0: Called Strike 0-1: Grounds into double play, 4-6-3 (Groundball, 4)
|
Bottom of the 3rd over - 4 runs, 4 hits, 0 errors, 1 left on base; Monroe 5 - Santa Clarita 5 |
TOP OF THE 4TH |
Monroe Mallards batting - Pitching for Santa Clarita Music : LHP Salvador Romero
|
Batting: RHB Héctor Vega
|
0-0: Called Strike 0-1: Swinging Strike 0-2: Ball 1-2: Strikes out looking
|
Batting: RHB Benito Bo
|
0-0: Ball 1-0: Fly out, F6 (Line Drive, 6M)
|
Batting: RHB Anselmo Espinoza
|
0-0: Ball 1-0: Called Strike 1-1: Called Strike 1-2: Ground out 3-1 (Groundball, 3S)
|
Top of the 4th over - 0 runs, 0 hits, 0 errors, 0 left on base; Monroe 5 - Santa Clarita 5 |
BOTTOM OF THE 4TH |
Santa Clarita Music batting - Pitching for Monroe Mallards : LHP Esteban Quintana
|
Batting: RHB Lorenzo Camacho
|
0-0: Ball 1-0: Ground out 1-3 (Groundball, 15)
|
Batting: LHB Federico Medina
|
0-0: Called Strike 0-1: Ball 1-1: Foul Ball, location: 2F 1-2: Strikes out swinging
|
Batting: RHB Armando Gavi
|
0-0: SINGLE (Flyball, 9LS)
|
Batting: RHB Leroy Bates
|
0-0: Ball 1-0: Called Strike 1-1: Foul Ball, location: 2F 1-2: Ball 2-2: Strikes out swinging
|
Bottom of the 4th over - 0 runs, 1 hit, 0 errors, 1 left on base; Monroe 5 - Santa Clarita 5 |
TOP OF THE 5TH |
Monroe Mallards batting - Pitching for Santa Clarita Music : LHP Salvador Romero
|
Batting: SHB Jerry Vaughn
|
0-0: Called Strike 0-1: Swinging Strike 0-2: Strikes out looking
|
Batting: RHB Shannon Watson
|
0-0: Called Strike 0-1: Ball 1-1: Ball 2-1: Foul Ball, location: 2F 2-2: Ball 3-2: Foul Ball, location: 2F 3-2: Strikes out swinging
|
Batting: LHB José Trindade
|
0-0: Ball 1-0: Swinging Strike 1-1: Swinging Strike 1-2: Ball 2-2: Ball 3-2: Strikes out swinging
|
Top of the 5th over - 0 runs, 0 hits, 0 errors, 0 left on base; Monroe 5 - Santa Clarita 5 |
BOTTOM OF THE 5TH |
Santa Clarita Music batting - Pitching for Monroe Mallards : LHP Esteban Quintana
|
Batting: RHB Jeff Peterson
|
0-0: Ball 1-0: Swinging Strike 1-1: Foul Ball, location: 2F 1-2: Fly out, F9 (Flyball, 9LS)
|
Batting: SHB Tetsu Yamada
|
0-0: Ball 1-0: Ground out 6-3 (Groundball, 56)
|
Batting: RHB Miguel Márquez
|
0-0: Ball 1-0: Ball 2-0: Called Strike 2-1: Called Strike 2-2: Fly out, F8 (Flyball, 8LD)
|
Bottom of the 5th over - 0 runs, 0 hits, 0 errors, 0 left on base; Monroe 5 - Santa Clarita 5 |
TOP OF THE 6TH |
Monroe Mallards batting - Pitching for Santa Clarita Music : LHP Salvador Romero
|
Pitching: LHP Nate Sharpley
|
|
Batting: RHB Rafael Rivera
|
0-0: Ball 1-0: DOUBLE (Flyball, 8RD)
|
Batting: RHB Bartolo Guzmán
|
0-0: Ball 1-0: Foul Ball, location: 2F 1-1: Ball 2-1: Ground out 6-3 (Groundball, 6) Rafael Rivera to third
|
Batting: RHB Anthony O'Bryan
|
0-0: Foul Ball, location: 2F 0-1: Ball 1-1: Reached on error, E5 (Line Drive, 5) Rafael Rivera scores
|
Batting: RHB Héctor Vega
|
0-0: Fly out, F8 (Flyball, 78D)
|
Batting: RHB Benito Bo
|
0-0: Foul Ball, location: 2F 0-1: Ground out 4-3 (Groundball, 4)
|
Top of the 6th over - 1 run, 1 hit, 1 error, 1 left on base; Monroe 6 - Santa Clarita 5 |
BOTTOM OF THE 6TH |
Santa Clarita Music batting - Pitching for Monroe Mallards : LHP Esteban Quintana
|
Pitching: LHP Michael Davis
|
|
Batting: LHB Daryl Thomas
|
0-0: Called Strike 0-1: Foul Ball, location: 2F 0-2: Foul Ball, location: 2F 0-2: Ground out 1-3 (Groundball, 13S)
|
Batting: RHB Francisco Candelária
|
0-0: Called Strike 0-1: Ball 1-1: Ball 2-1: Ball 3-1: Swinging Strike 3-2: Strikes out looking
|
Batting: RHB Lorenzo Camacho
|
0-0: Ball 1-0: Ball 2-0: Ball 3-0: Base on Balls
|
Batting: LHB Federico Medina
|
0-0: Foul Ball, location: 2F 0-1: Fly out, F3 (Line Drive, 3S)
|
Bottom of the 6th over - 0 runs, 0 hits, 0 errors, 1 left on base; Monroe 6 - Santa Clarita 5 |
TOP OF THE 7TH |
Monroe Mallards batting - Pitching for Santa Clarita Music : LHP Nate Sharpley
|
Batting: RHB Anselmo Espinoza
|
0-0: Ball 1-0: Ball 2-0: Ball 3-0: Base on Balls
|
Batting: SHB Jerry Vaughn
|
0-0: Called Strike 0-1: Ball 1-1: Foul Ball, location: 2F 1-2: Fly out, F9 (Flyball, 89D) Runner from 1st tags up, SAFE at 2nd
|
Batting: RHB Shannon Watson
|
0-0: Ball 1-0: Ball 2-0: Ball 3-0: Base on Balls
|
Batting: LHB José Trindade
|
0-0: SINGLE (Groundball, 34D) Anselmo Espinoza to third Shannon Watson to second Runner from 3rd tries for Home, SAFE, no throw
|
Pitching: RHP Awragh Masasu
|
|
Batting: RHB Rafael Rivera
|
0-0: Grounds into double play, 6-4-3 (Groundball, 6)
|
Top of the 7th over - 1 run, 1 hit, 0 errors, 1 left on base; Monroe 7 - Santa Clarita 5 |
BOTTOM OF THE 7TH |
Santa Clarita Music batting - Pitching for Monroe Mallards : LHP Michael Davis
|
Batting: RHB Armando Gavi
|
0-0: Ball 1-0: Swinging Strike 1-1: Called Strike 1-2: Ball 2-2: Foul Ball, location: 2F 2-2: Fly out, F3 (Popup, 34S)
|
Batting: RHB Leroy Bates
|
0-0: Ball 1-0: Ball 2-0: Ball 3-0: Called Strike 3-1: Fly out, F4 (Popup, 34S)
|
Batting: RHB Jeff Peterson
|
0-0: Foul Ball, location: 2F 0-1: Ground out 6-3 (Groundball, 56)
|
Bottom of the 7th over - 0 runs, 0 hits, 0 errors, 0 left on base; Monroe 7 - Santa Clarita 5 |
TOP OF THE 8TH |
Monroe Mallards batting - Pitching for Santa Clarita Music : RHP Awragh Masasu
|
Batting: RHB Bartolo Guzmán
|
0-0: Ball 1-0: Foul Ball, location: 2F 1-1: Swinging Strike 1-2: DOUBLE (Line Drive, 9LM)
|
Batting: RHB Anthony O'Bryan
|
0-0: Called Strike 0-1: Called Strike 0-2: Ball 1-2: Strikes out looking
|
Batting: RHB Héctor Vega
|
0-0: Called Strike 0-1: Ball 1-1: Swinging Strike 1-2: Strikes out swinging
|
Batting: RHB Benito Bo
|
0-0: Swinging Strike 0-1: Foul Ball, location: 2F 0-2: Ball 1-2: Strikes out looking
|
Top of the 8th over - 0 runs, 1 hit, 0 errors, 1 left on base; Monroe 7 - Santa Clarita 5 |
BOTTOM OF THE 8TH |
Santa Clarita Music batting - Pitching for Monroe Mallards : LHP Michael Davis
|
Batting: SHB Tetsu Yamada
|
0-0: Called Strike 0-1: Ball 1-1: Swinging Strike 1-2: Foul Ball, location: 2F 1-2: Strikes out swinging
|
Batting: RHB Miguel Márquez
|
0-0: Foul Ball, location: 2F 0-1: Foul Ball, location: 2F 0-2: Ball 1-2: Ball 2-2: Foul Ball, location: 2F 2-2: Ground out 5-3 (Groundball, 5)
|
Batting: LHB Daryl Thomas
|
0-0: Called Strike 0-1: Ball 1-1: Ball 2-1: SOLO HOME RUN (Flyball, 78D), Distance : 437 ft
|
Batting: RHB Francisco Candelária
|
0-0: Ball 1-0: Foul Ball, location: 2F 1-1: Foul Ball, location: 2F 1-2: Strikes out swinging
|
Bottom of the 8th over - 1 run, 1 hit, 0 errors, 0 left on base; Monroe 7 - Santa Clarita 6 |
TOP OF THE 9TH |
Monroe Mallards batting - Pitching for Santa Clarita Music : RHP Awragh Masasu
|
Pitching: RHP Juan García
|
|
Batting: RHB Anselmo Espinoza
|
0-0: Called Strike 0-1: Called Strike 0-2: Ball 1-2: Strikes out swinging
|
Batting: SHB Jerry Vaughn
|
0-0: Called Strike 0-1: Ball 1-1: Called Strike 1-2: Ball 2-2: SINGLE (Groundball, 34D)
|
Batting: RHB Shannon Watson
|
0-0: Called Strike 0-1: Called Strike 0-2: Strikes out looking
|
Batting: LHB José Trindade
|
0-0: Called Strike 0-1: Ball 1-1: Ball 2-1: Called Strike 2-2: Foul Ball, location: 2F 2-2: Strikes out looking
|
Top of the 9th over - 0 runs, 1 hit, 0 errors, 1 left on base; Monroe 7 - Santa Clarita 6 |
BOTTOM OF THE 9TH |
Santa Clarita Music batting - Pitching for Monroe Mallards : LHP Michael Davis
|
Batting: RHB Lorenzo Camacho
|
0-0: Called Strike 0-1: Called Strike 0-2: Strikes out swinging
|
Batting: LHB Federico Medina
|
0-0: Called Strike 0-1: Foul Ball, location: 2F 0-2: Foul Ball, location: 2F 0-2: SINGLE (Groundball, 4MD)
|
Batting: RHB Armando Gavi
|
0-0: Foul Ball, location: 2F 0-1: Ball 1-1: Ball 2-1: Fly out, F9 (Line Drive, 9D)
|
Batting: RHB Leroy Bates
|
0-0: Ball 1-0: Foul Ball, location: 2F Pickoff Throw to First - Error! E1 Federico Medina to second 1-1: Ball 2-1: Fly out, F7 (Line Drive, 7D)
|
Bottom of the 9th over - 0 runs, 1 hit, 1 error, 1 left on base; Monroe 7 - Santa Clarita 6 |
|